 Dungeon Crawl Stone Soup version 0.29-a0-25-g7f48f510a0 (webtiles) character file.

Game seed: 9592826230705184660

21304 MacCMillion the Basher (level 12, 0/81 HPs)
             Began as a Gargoyle Fighter on Jan 31, 2022.
             Was an Initiate of Gozag.
             Slain by a seven-headed hydra (11 damage)
             ... on level 3 of the Lair of Beasts.
             The game lasted 00:53:46 (20513 turns).

MacCMillion the Basher (Gargoyle Fighter)          Turns: 20513, Time: 00:53:47

Health: 0/81       AC: 29    Str: 25    XL:     12   Next: 88%
Magic:  12/12      EV:  6    Int:  9    God:    Gozag
Gold:   1516       SH: 10    Dex:  9    Spells: 11/11 levels left

rFire   . . .      SeeInvis .   K - +0 morningstar
rCold   . . .      Faith    .   L - +0 kite shield
rNeg    + . .      Spirit   .   v - +0 plate armour
rPois   ∞          Reflect  .   (no helmet)
rElec   +          Harm     .   (no cloak)
rCorr   .          Rampage  .   F - +2 pair of gloves
Will    .....                   g - +2 pair of boots
Stlth   ..........              C - amulet of magic regeneration
HPRegen 0.23/turn               N - +4 ring of slaying
MPRegen 0.53/turn               y - ring of flight

@: flying
A: sickness immunity, AC +8, negative energy resistance 1, electricity
resistance, torment resistance 1, petrification resistance
a: Renounce Religion, Potion Petition, Call Merchant, Bribe Branch


You were on level 3 of the Lair of Beasts.
You worshipped Gozag.
Gozag was most pleased with you.
You visited 2 branches of the dungeon, and saw 16 of its levels.
You also visited: Bailey.

You collected 2972 gold pieces.
You spent 1456 gold pieces at shops.

Inventory:

Hand Weapons
 a - a +0 flail
 K - a +0 morningstar (weapon)
Missiles
 d - 3 boomerangs (quivered)
 o - 2 throwing nets
 u - 10 poisoned darts
 D - 6 curare-tipped darts
Armour
 c - a +0 buckler
 g - a +2 pair of boots (worn)
 v - a +0 plate armour (worn)
 F - a +2 pair of gloves (worn)
 L - a +0 kite shield (worn)
Jewellery
 e - a +6 ring of intelligence
 p - a +6 ring of strength
 y - a ring of flight (right hand)
 B - a ring of wizardry
 C - an amulet of magic regeneration (around neck)
 J - a +6 ring of intelligence
 M - a ring of protection from fire
 N - a +4 ring of slaying (left hand)
Wands
 q - a wand of paralysis (5)
 O - a wand of polymorph (4)
 R - a wand of iceblast (3)
Scrolls
 i - a scroll of blinking
 j - a scroll of holy word
 l - a scroll of immolation
 m - 2 scrolls of enchant armour
 n - a scroll of fear
 t - a scroll of identify
 A - a scroll of summoning
 G - a scroll of amnesia
 H - a scroll of torment
Potions
 b - a potion of degeneration
 f - 2 potions of cancellation
 h - 8 potions of curing
 k - 2 potions of ambrosia {unknown}
 r - 6 potions of attraction
 s - 2 potions of flight {unknown}
 w - 2 potions of brilliance {unknown}
 x - 2 potions of mutation {unknown}
 z - 2 potions of lignification {unknown}
 E - a potion of invisibility {unknown}
 I - a potion of heal wounds
Miscellaneous
 P - a condenser vane
 Q - a phantom mirror (inert)


   Skills:
 + Level 12.0 Fighting
 - Level 14.0 Maces & Flails
 - Level 5.0 Throwing
 + Level 8.3 Armour
 + Level 1.1 Dodging
 + Level 9.1 Shields
 + Level 1.3 Evocations


You had 11 spell levels left.
You didn't know any spells.
Your spell library contained the following spells:

 Spells                   Type           Power      Damage    Failure   Level
 Ensorcelled Hibernation  Hex/Ice        0%         N/A       100%        2
 Spider Form              Tmut/Pois      0%         N/A       100%        3
 Anguish                  Hex/Necr       0%         N/A       100%        4
 Petrify                  Tmut/Erth      0%         N/A       100%        4
 Alistair's Intoxication  Tmut/Pois      0%         N/A       100%        5
 Borgnjor's Vile Clutch   Necr/Erth      0%         N/A       100%        5
 Irradiate                Conj/Tmut      0%         3d13      100%        5
 Eringya's Noxious Bog    Tmut/Pois      0%         N/A       100%        6
 Sublimation of Blood     Necr           Unusable   N/A       N/A         2

Dungeon Overview and Level Annotations

Branches:
Dungeon (11/15)            Temple (0/1) D:6            Lair (5/6) D:9
 Bailey (visited)
  Swamp: Lair:2-4    Shoals: Lair:2-4     Snake: Lair:2-4    Spider: Lair:2-4
  Slime: Lair:5-6       Orc: D:9-12

Altars:
Cheibriados
Dithmenos
Elyvilon
Gozag
Hepliaklqana
Nemelex Xobeh
Okawaru
Qazlal
Sif Muna
Trog
Uskayaw
Vehumet
Zin
The Shining One

Shops:
D:3 !   D:4 (   D:7 *[[=   D:8 !   D:9 *

Annotations:
D:5 2 transporters, flestrin's ghost, novice DrTm
D:8 Gastronok
D:10 Joseph
Lair:2 Erica


Innate Abilities, Weirdness & Mutations

You are immune to sickness and miasma.
Your stone body is resilient. (AC +8)
You are immune to poison.
You resist negative energy. (rN+)
You are resistant to electric shocks. (rElec)
You are resistant to unholy torment.
You are immune to petrification.


Message History

The seven-headed hydra bites you but does no damage. x2
You block the seven-headed hydra's attack.
The seven-headed hydra completely misses you.
You block the seven-headed hydra's attack.
You hit the seven-headed hydra.
The seven-headed hydra is severely wounded.
You block the seven-headed hydra's attack.
The seven-headed hydra barely misses you.
The seven-headed hydra bites you but does no damage.
The seven-headed hydra bites you! The seven-headed hydra bites you.
The seven-headed hydra barely misses you.
The seven-headed hydra bites you.
You hit the seven-headed hydra.
The seven-headed hydra is severely wounded.
The seven-headed hydra bites you!
The seven-headed hydra bites you but does no damage. x4
The seven-headed hydra bites you.
The seven-headed hydra barely misses you.
Unknown command.
You are too injured to fight recklessly!
Unknown command.
You are too injured to fight recklessly!
You hit the seven-headed hydra.
The seven-headed hydra is severely wounded.
The seven-headed hydra bites you! The seven-headed hydra bites you.
The seven-headed hydra bites you but does no damage.
The seven-headed hydra bites you!
* * * LOW HITPOINT WARNING * * *
You block the seven-headed hydra's attack.
The seven-headed hydra completely misses you.
The seven-headed hydra bites you but does no damage.
You puncture the seven-headed hydra!
The seven-headed hydra is severely wounded.
The seven-headed hydra bites you but does no damage. x2
The seven-headed hydra bites you!
* * * LOW HITPOINT WARNING * * *
The seven-headed hydra bites you but does no damage.
The seven-headed hydra bites you!
You die...
Your body crumbles into a pile of gold.

.##.###.###......#.###..## .###
### #.....##.###..## ...###
#.P.#.##..#....# .....#
#...#.##......###....#
..##.######.#(#<#.####..# .....#
..##..##..#...#.###.##... .....##
...#............>.....∩... ......
.#.##.....##P.#..#####.### ......
..###$...#######@# ### #.....
.≈≈#≈≈≈...#####D.### ##.....
.≈≈≈≈S≈≈...≈≈≈$....#. #P##.<..P.
≈≈≈≈≈≈≈≈≈...≈≈$....P...........#.
≈≈≈≈≈≈≈≈≈S..$≈≈≈≈..........$.....
≈≈≈≈≈≈≈≈≈$..≈≈≈≈≈≈≈...#.P#.....##
≈≈≈≈≈≈≈≈..$..≈≈≈≈≈≈≈≈#.. #....###
≈≈≈≈≈≈≈..≈≈≈..≈≈≈≈≈≈≈≈≈ .....#..
≈≈≈≈≈....≈≈....≈≈≈≈≈≈≈≈≈####.....


You could see a seven-headed hydra and an electric eel.

Vanquished Creatures
  Snorg (Lair:3)
  A catoblepas (Lair:2)
  3 hydras
  Harold (D:9)
  Nergalle (Lair:2)
  A necromancer (Lair:3)
  A manticore (D:11)
  A black mamba (Lair:1)
  A torpor snail (Lair:2)
  A gargoyle (D:10)
  Maggie (D:9)
  3 cane toads
  A rime drake (Lair:3)
  6 komodo dragons
  7 blink frogs
  A vampire (D:9)
  Eustachio (D:5)
  12 wyverns
  18 yaks
  A wraith (D:9)
  2 basilisks
  17 water moccasins
  Duvessa (D:6)
  An ice beast (D:7)
  2 sky beasts
  5 black bears
  An orc warrior (D:7)
  A hornet zombie (D:5)
  2 elephant zombies (Lair:3)
  2 ogres
  3 wolves (D:9)
  4 centaurs
  A phantom (D:4)
  A komodo dragon zombie (Lair:3)
  8 bullfrogs
  2 scorpions
  Dowan (D:6)
  7 killer bees
  2 electric eels (Lair:3)
  A howler monkey (D:4)
  A centaur zombie (D:8)
  2 bullfrog zombies (D:6)
  2 jellies
  A bullfrog skeleton (D:6)
  A basilisk zombie (Lair:3)
  2 centaur skeletons
  2 orc priests
  4 hounds
  2 gnoll shamans
  5 iguanas
  5 orc wizards
  5 hell rats
  A killer bee zombie (D:7)
  A hound skeleton (D:5)
  A hound zombie (D:5)
  10 gnolls
  A howler monkey skeleton (D:4)
  A howler monkey zombie (D:10)
  2 adders
  A white imp (D:5)
  An ufetubus (D:5)
  3 worms
  4 dart slugs
  46 orcs
  7 bats
  6 endoplasms
  5 giant cockroaches
  8 goblins
  9 hobgoblins
  6 jackals (D:1)
  5 kobolds
  2 quokkas
  9 ball pythons
  5 frilled lizards
  A jackal skeleton (D:4)
  3 rats
297 creatures vanquished.

Vanquished Creatures (others)
  A bush (D:8)
  23 fungi
  33 plants
57 creatures vanquished.

Grand Total: 354 creatures vanquished

Notes
Turn   | Place    | Note
-------+----------+-------------------------------------------
     0 | D:1      | MacCMillion the Gargoyle Fighter began the quest for the
                  | Orb.
     0 | D:1      | Reached XP level 1. HP: 14/14 MP: 1/1
    89 | D:1      | Reached XP level 2. HP: 5/19 MP: 2/2
   680 | D:1      | Found a faded altar of an unknown god.
   709 | D:1      | Prayed at the altar of an unknown god.
   709 | D:1      | Became a worshipper of Gozag Ym Sagoz the Greedy
   972 | D:1      | Reached XP level 3. HP: 23/23 MP: 3/3
  1541 | D:1      | Reached XP level 4. HP: 9/29 MP: 4/4
  2542 | D:2      | Reached skill level 3 in Maces & Flails
  2725 | D:2      | Reached XP level 5. HP: 33/33 MP: 5/5
  3053 | D:3      | Found a snail-covered altar of Cheibriados.
  3083 | D:3      | Found Oppuginupi's Distillery.
  3089 | D:3      | Bought a potion of haste for 140 gold pieces
  3089 | D:3      | Bought a potion of curing for 42 gold pieces
  3439 | D:3      | Found a bloodstained altar of Trog.
  3439 | D:3      | Found a glowing golden altar of the Shining One.
  3483 | D:3      | Found a hazy altar of Hepliaklqana.
  3661 | D:4      | Noticed a black bear
  3676 | D:3      | Killed a black bear
  3677 | D:3      | Reached skill level 1 in Throwing
  3677 | D:3      | Reached XP level 6. HP: 34/39 MP: 6/6
  4061 | D:4      | Found Jat Wety's Weapon Shoppe.
  4082 | D:4      | Found a radiant altar of Vehumet.
  4114 | D:4      | Found a sparkling altar of Nemelex Xobeh.
  4435 | D:5      | Entered Level 5 of the Dungeon
  4495 | D:5      | Reached skill level 5 in Fighting
  4495 | D:5      | Reached skill level 5 in Armour
  4758 | D:4      | Reached skill level 4 in Maces & Flails
  4758 | D:4      | Reached XP level 7. HP: 40/44 MP: 7/7
  5730 | D:5      | Noticed Eustachio
  5761 | D:5      | Killed Eustachio
  5762 | D:5      | Reached skill level 5 in Maces & Flails
  5874 | D:5      | Reached XP level 8. HP: 21/51 MP: 8/8
  6517 | D:5      | Reached skill level 6 in Maces & Flails
  6740 | D:5      | Identified the +8 dire flail "Lolareit" {antimagic, rF-
                  | Int+7}
  6741 | D:5      | Noticed flestrin's ghost (novice DrTm)
  6772 | D:5      | Found a transporter.
  6779 | D:5      | Found a transporter.
  7099 | D:6      | Reached skill level 7 in Maces & Flails
  7141 | D:6      | Noticed Dowan
  7290 | D:6      | Noticed Duvessa
  7291 | D:6      | Found a stormy altar of Qazlal.
  7300 | D:6      | Killed Duvessa
  7398 | D:6      | Killed Dowan
  7496 | D:6      | Found a white marble altar of Elyvilon.
  7674 | D:6      | Found a staircase to the Ecumenical Temple.
  7752 | D:6      | Found a shimmering blue altar of Sif Muna.
  7752 | D:6      | Found an iron altar of Okawaru.
  7818 | D:6      | Reached XP level 9. HP: 42/57 MP: 9/9
  8027 | D:7      | Found Gieneuw's Jewellery Boutique.
  8046 | D:7      | Found a flagged portal.
  8057 | Bailey   | Entered a bailey
  8678 | D:6      | Reached skill level 8 in Maces & Flails
  9365 | D:7      | Found Eczaa's Antique Armour Shop.
  9383 | D:7      | Found Hauzezah's Armour Boutique.
  9787 | D:7      | Found Lyilergho's General Store.
  9791 | D:7      | Bought a scroll of teleportation for 33 gold pieces
  9791 | D:7      | Bought a potion of degeneration for 11 gold pieces
 10204 | D:8      | Reached skill level 9 in Maces & Flails
 10520 | D:8      | Identified the +6 long sword "Tutut" {vorpal, Str+2}
 10718 | D:8      | Noticed Gastronok
 10785 | D:9      | Found Ucaiciumn's Mayhem Merchandise.
 10934 | D:9      | Found a glowing silver altar of Zin.
 11027 | D:9      | Reached skill level 10 in Maces & Flails
 11336 | D:9      | Noticed Maggie
 11402 | D:9      | Reached XP level 10. HP: 48/65 MP: 10/10
 11593 | D:9      | Killed Maggie
 11600 | D:9      | Reached skill level 11 in Maces & Flails
 12034 | D:9      | Found a staircase to the Lair.
 12057 | D:9      | Noticed Harold
 12082 | D:9      | Killed Harold
 12699 | D:10     | Entered Level 10 of the Dungeon
 12883 | D:10     | Noticed a gargoyle
 12900 | D:10     | Killed a gargoyle
 12901 | D:10     | Reached skill level 10 in Fighting
 13201 | D:10     | Noticed Joseph
 13272 | D:11     | Noticed a manticore
 13280 | D:11     | Killed a manticore
 13281 | D:11     | Reached skill level 12 in Maces & Flails
 13637 | D:11     | Noticed an eight-headed hydra
 13649 | D:11     | Killed an eight-headed hydra
 13650 | D:11     | Reached XP level 11. HP: 13/72 MP: 11/11
 14216 | D:11     | Noticed a two-headed ogre
 14245 | D:10     | Found a shadowy altar of Dithmenos.
 14325 | D:10     | Found a hide-covered altar of Uskayaw.
 14563 | Lair:1   | Entered Level 1 of the Lair of Beasts
 14672 | D:7      | Bought a +4 ring of slaying for 1170 gold pieces
 14742 | D:8      | Found Vyc Jiubb's Distillery.
 14750 | D:8      | Bought a potion of heal wounds for 60 gold pieces
 15163 | Lair:1   | Reached skill level 5 in Shields
 15458 | Lair:1   | Reached skill level 5 in Throwing
 16042 | Lair:1   | Reached skill level 13 in Maces & Flails
 17004 | Lair:2   | Noticed Nergalle
 17012 | Lair:2   | Killed Nergalle
 17135 | Lair:2   | Noticed an eight-headed hydra
 17144 | Lair:2   | Killed an eight-headed hydra
 17422 | Lair:2   | Reached XP level 12. HP: 54/79 MP: 12/12
 17570 | Lair:2   | Reached skill level 14 in Maces & Flails
 18314 | Lair:2   | Noticed a catoblepas
 18318 | Lair:2   | Noticed Erica
 18320 | Lair:2   | Noticed a four-headed hydra
 18333 | Lair:2   | Killed a catoblepas
 18340 | Lair:2   | Killed a four-headed hydra
 18572 | Lair:3   | You fall into a shaft and drop 2 floors!
 18856 | Lair:5   | Noticed a six-headed hydra
 18942 | Lair:5   | Noticed a four-headed hydra
 19941 | Lair:3   | Noticed Snorg
 20054 | Lair:3   | Killed Snorg
 20273 | Lair:3   | Reached skill level 1 in Dodging
 20273 | Lair:3   | Reached skill level 1 in Evocations
 20500 | Lair:3   | Noticed a seven-headed hydra
 20513 | Lair:3   | Slain by a seven-headed hydra

Illustrated notes

Levels and vault maps discovered:
D:1:      dpeg_arrival_arbitrary_c, layout_basic,
          hellmonk_ecumenical_altar_leap_of_faith
D:2:      layout_basic
D:3:      layout_basic, nicolae_hepliaklqana_hippocampus,
          mainiacjoe_overflow_paths, gammafunk_temple_overflow_pools,
          serial_shops, shop
D:4:      nicolae_cairo_tiling_large, layout_cave_pools,
          mainiacjoe_overflow_catch_the_wave, serial_shops, shop
D:5:      minmay_octagon_keep, layout_gridville, gammafunk_ghost_smash,
          uniq_eustachio
D:6:      layout_cave_pools, nicolae_elyvilon_peaceful_grove,
          amethyst_overflow_temple_binary, nicolae_qazlal_eye_of_the_storm,
          minmay_temple_entry_nine_rooms, minmay_misc_feat_nine_boxes,
          uniq_duvessa
D:7:      layout_loops_cross, enter_bailey_6, serial_shops, shop, shop, shop,
          nicolae_shop_crystal, kennysheep_windowed_goal
D:8:      layout_loops_corners, serial_shops, shop, kb_lookout_dungeons_type,
          uniq_gastronok
D:9:      layout_cross, mainiacjoe_overflow_cross_hatched,
          minmay_lair_entry_grove, kennysheep_nondescript, minmay_shop_mayhem,
          uniq_harold, uniq_maggie
D:10:     layout_cave_pods, mainiacjoe_overflow_catwalk,
          mainiacjoe_overflow_chevrons, wad_floor_pattern_untrapped, uniq_joseph
D:11:     layout_long_grid, special_room [special_room_bee]
Lair:1:   layout_layer_cave, grunt_megastairs_4
Lair:2:   layout_layer_cave, uniq_erica, uniq_nergalle
Lair:3:   pond_and_an_island_with_a_cottage, layout_loops_ring,
          nicolae_volcano_entry_batcave, gauntlet_entry_generic, special_room,
          uniq_snorg
Lair:4:   layout_long_grid, minmay_shoals_entry_centaurs, dummy_spider_entry,
          ebering_ghost_funeral_grove
Lair:5:   layout_misc_corridors, minmay_slime_entry_pillars, special_room
          [special_room_mythical_zoo], serial_bayou_shore_b,
          serial_bayou_shore_b

Skill      XL: |  1  2  3  4  5  6  7  8  9 10 11 12 |
---------------+-------------------------------------+-----
Armour         | 4 5 6 8 |  8.3
Shields        | 4 7 9 |  9.1
Fighting       | 4 5 7 8 10 12 | 12.0
Maces & Flails | 3 4 5 7 10 12 13 14 | 14.0
Throwing       | 1 2 3 4 5 |  5.0
Dodging        | 1 |  1.1
Evocations     | 1 |  1.3

Action                   |  1- 3 |  4- 6 |  7- 9 | 10-12 || total
-------------------------+-------+-------+-------+-------++-------
Melee: Flail             |   112 |   216 |   466 |   111 ||   905
       Morningstar       |       |       |       |   521 ||   521
Throw: Dart              |       |     3 |     4 |    21 ||    28
       Boomerang         |       |       |     1 |    16 ||    17
       Throwing net      |       |       |       |     1 ||     1
Evoke: Phantom mirror    |       |       |       |     1 ||     1
  Use: Potion            |       |       |     2 |     5 ||     7
       Scroll            |       |       |     1 |    12 ||    13
 Stab: Distracted        |     1 |     2 |     2 |     3 ||     8
       Petrified         |       |       |       |     4 ||     4
Armor: Scale mail        |   103 |   125 |       |       ||   228
       Plate armour      |       |     3 |   359 |   437 ||   799
Dodge: Dodged            |    52 |   127 |   220 |   192 ||   591
Block: Buckler           |    36 |    54 |   125 |    73 ||   288
       Kite shield       |       |       |       |   132 ||   132

Table legend: (Time is in decaauts)
 A = Elapsed time spent in this place.
 B = Non-inter-level travel time spent in this place.
 C = Inter-level travel time spent in this place.
 D = Time resting spent in this place.
 E = Time spent auto-exploring this place.
 F = Levels seen in this place.
 G = Mean time per level.
                   A        B        C        D        E       F      G
               +--------+--------+--------+--------+--------+-----+--------+
         Total |  20621 |  19800 |    821 |   6717 |   8719 |  17 | 1213.0 |
       Dungeon |  14608 |  13806 |    802 |   3841 |   6785 |  11 | 1328.0 |
          Lair |   5447 |   5428 |     19 |   2425 |   1934 |   5 | 1089.4 |
        Bailey |    565 |    565 |      0 |    450 |      0 |   1 |  565.0 |
               +--------+--------+--------+--------+--------+-----+--------+

Top non-repeatable levels by time:
     D:5: 2011 daAuts
     D:9: 2004 daAuts
  Lair:2: 1847 daAuts
     D:1: 1842 daAuts
  Lair:1: 1767 daAuts
     D:4: 1444 daAuts
     D:7: 1346 daAuts
     D:8: 1220 daAuts
    D:11: 1025 daAuts
     D:6: 1013 daAuts
     D:2: 1011 daAuts
     D:3: 965 daAuts
  Lair:4: 768 daAuts
    D:10: 722 daAuts
  Lair:3: 617 daAuts
